 Dungeon Crawl Stone Soup version 0.22.0-75-g3901e79 (webtiles) character file.

411953 JeffiDaFish the Metallomancer (level 23, -8/126 HPs)
             Began as a Gargoyle Earth Elementalist on Aug 30, 2018.
             Was the Champion of Sif Muna.
             Mangled by a spriggan defender
             ... wielding a +2 antimagic demon whip
             ... led by a spriggan defender
              (22 damage)
             ... on level 3 of the Depths on Sept 11, 2018.
             The game lasted 04:49:42 (57966 turns).

JeffiDaFish the Metallomancer (GrEE)               Turns: 57966, Time: 04:49:42

Health: -8/126     AC: 33    Str: 13    XL:     23   Next: 52%
Magic:  6/47       EV: 17    Int: 34    God:    Sif Muna [******]
Gold:   2919       SH:  9    Dex: 18    Spells: 8/62 levels left

rFire    + . .     SeeInvis +   A - staff of earth
rCold    . . .     Gourm    .   N - +3 buckler
rNeg     + + .     Faith    .   v - +2 robe {Archmagi}
rPois    ∞         Spirit   .   g - +2 helmet {SInv}
rElec    +         Reflect  .   e - +2 cloak {MR+}
rCorr    .         Harm     .   s - +2 pair of gloves {Dex+3}
MR       ++...                  E - +2 pair of boots {Stlth+}
Stlth    ++++......             J - amulet of magic regeneration
HPRegen  0.31/turn              M - ring "Ucaffixi" {rN+ Int+4}
MPRegen  0.55/turn              L - ring of the Two Names {Int+5 Dex+3}

@: about to teleport, studying Fire Magic, divine energy
A: big wings, thin skeletal structure 1, blink, fire resistance 1, frail 1,
negative energy resistance 1, electricity resistance, unbreathing, petrification
resistance, rot immunity, AC +17
}: 2/15 runes: decaying, serpentine
a: Fly, Blink, Stop Divine Energy, Channel Magic, Forget Spell, Renounce
Religion


You were on level 3 of the Depths.
You worshipped Sif Muna.
Sif Muna was exalted by your worship.
You were not hungry.

You visited 9 branches of the dungeon, and saw 41 of its levels.
You visited the Abyss 1 time.
You also visited: Labyrinth and Ice Cave.

You collected 6177 gold pieces.
You spent 3258 gold pieces at shops.

Inventory:

Hand Weapons
 u - the +10 zealot's sword {holy, *Rage rN+ EV+3}
   (You found it on level 14 of the Dungeon)

   It has been blessed by the Shining One to cause great damage to the undead
   and demons.
   It affects your evasion (+3).
   It protects you from negative energy.
   It may make you go berserk in combat.
Missiles
 b - 603 stones (quivered)
Armour
 e - a +2 cloak of magic resistance (worn)
 g - a +2 helmet of see invisible (worn)
 s - a +2 pair of gloves of dexterity (worn)
 v - a +2 robe of the Archmagi (worn)
 E - a +2 pair of boots of stealth (worn)
 N - a +3 buckler (worn)
Magical Staves
 a - an uncursed staff of wizardry
 A - an uncursed staff of earth (weapon)
Jewellery
 k - the ring of Huizanoc {rC+ Str+3 Dex+3 SInv}
   (You found it on level 1 of the Swamp)

   [ring of dexterity]

   It affects your strength (+3).
   It affects your dexterity (+3).
   It protects you from cold.
   It lets you see invisible.
 m - an uncursed ring of wizardry
 G - an uncursed ring of protection from magic
 J - an amulet of magic regeneration (around neck)
 L - the ring of the Two Names (right hand) {Int+5 Dex+3}
   (You found it in an ice cave)

   [ring of dexterity]

   It affects your intelligence (+5).
   It affects your dexterity (+3).
 M - the ring "Ucaffixi" (left hand) {rN+ Int+4}
   (You took it off a skeletal warrior on level 2 of the Vaults)

   [ring of intelligence]

   It affects your intelligence (+4).
   It protects you from negative energy.
 U - the ring "Meupiseg" {rElec MP+9 SInv}
   (You took it off a deep elf demonologist on level 3 of the Elven Halls)

   [ring of magical power]

   It insulates you from electricity.
   It affects your magic capacity (+9).
   It lets you see invisible.
 V - the ring "Gioh" {Fire Dex+6}
   (You found it on level 3 of the Snake Pit)

   [ring of fire]

   It enhances your fire magic.
   It affects your dexterity (+6).
   It protects you from fire.
   It makes you vulnerable to cold.
Wands
 f - a wand of digging (59)
 K - a wand of paralysis (26)
 Q - a wand of acid (18)
Scrolls
 h - 21 scrolls of remove curse
 j - 22 scrolls of teleportation
 l - 10 scrolls of magic mapping
 n - 6 scrolls of enchant weapon
 o - 6 scrolls of fear
 p - 11 scrolls of identify
 r - 5 scrolls of fog
 t - a scroll of holy word
 y - 2 scrolls of summoning
 z - 6 scrolls of amnesia
 H - a scroll of enchant armour
 T - 2 scrolls of blinking
Potions
 i - 4 potions of haste
 q - 19 potions of curing
 w - a potion of magic
 B - 5 potions of agility
 C - 3 potions of cancellation
 F - 6 potions of might
 I - 5 potions of brilliance
 O - 2 potions of berserk rage
 P - 5 potions of mutation
 R - 3 potions of ambrosia
 S - 5 potions of heal wounds
 Z - 2 potions of resistance
Books
 W - a manual of Fire Magic
Comestibles
 c - 4 chunks of flesh
 d - 44 rations


   Skills:
 - Level 13.0 Fighting
 - Level 6.3 Dodging
 - Level 2.6 Stealth
 - Level 4.8 Shields
 - Level 20.1 Spellcasting
 + Level 18.2 Conjurations
 - Level 11.0 Summonings
   Level 0.7 Transmutations
 * Level 25.0 Earth Magic
 - Level 7.0 Invocations


You had 8 spell levels left.
You knew the following spells:

 Your Spells              Type           Power        Failure   Level  Hunger
a - Sandblast             Erth           ######       0%          1    None
b - Stone Arrow           Conj/Erth      ######       0%          3    None
c - Lee's Rapid Deconstr  Erth           #########.   0%          5    None
d - Summon Greater Demon  Summ           ########..   9%          7    #......
e - Aura of Abjuration    Summ           ########..   1%          5    None
f - Iron Shot             Conj/Erth      #########.   1%          6    None
g - Spellforged Servitor  Conj/Summ      ########..   1%          7    #......
h - Orb of Destruction    Conj           ########..   1%          7    #......
i - Borgnjor's Vile Clut  Necr/Erth      ########..   1%          5    None
j - Lehudib's Crystal Sp  Conj/Erth      #########.   1%          8    ####...

Your spell library contained the following spells:

 Spells                   Type           Power        Failure   Level  Hunger
 Magic Dart               Conj           ####         0%          1    None
 Summon Butterflies       Summ           ########     0%          1    None
 Summon Small Mammal      Summ           ####         0%          1    None
 Call Imp                 Summ           ########     0%          2    None
 Passwall                 Tmut/Erth      ########     0%          2    None
 Searing Ray              Conj           ######       0%          2    None
 Iskenderun's Mystic Bla  Conj           ########     0%          4    None
 Animate Skeleton         Necr           N/A          1%          1    None
 Apportation              Tloc           ######       1%          1    None
 Beastly Appendage        Tmut           ######       1%          1    None
 Confusing Touch          Hex            ######       1%          1    None
 Corona                   Hex            ######.      1%          1    None
 Flame Tongue             Conj/Fire      #####        1%          1    None
 Freeze                   Ice            ####         1%          1    None
 Infusion                 Chrm           ####         1%          1    None
 Pain                     Necr           ####         1%          1    None
 Shock                    Conj/Air       ####         1%          1    None
 Sting                    Conj/Pois      ####         1%          1    None
 Blink                    Tloc           N/A          1%          2    None
 Corpse Rot               Necr           N/A          1%          2    None
 Ensorcelled Hibernation  Hex/Ice        ######       1%          2    None
 Poisonous Vapours        Pois/Air       ######       1%          2    None
 Shroud of Golubria       Chrm/Tloc      ######....   1%          2    None
 Slow                     Hex            ######..     1%          2    None
 Song of Slaying          Chrm           ######..     1%          2    None
 Sticks to Snakes         Tmut           ######..     1%          2    None
 Throw Flame              Conj/Fire      ######       1%          2    None
 Throw Frost              Conj/Ice       ######       1%          2    None
 Call Canine Familiar     Summ           ########     1%          3    None
 Conjure Flame            Conj/Fire      #######.     1%          3    None
 Dazzling Spray           Conj/Hex       ######       1%          3    None
 Mephitic Cloud           Conj/Pois/Air  #######.     1%          3    None
 Recall                   Summ/Tloc      N/A          1%          3    None
 Static Discharge         Conj/Air       #######.     1%          3    None
 Summon Guardian Golem    Hex/Summ       #######.     1%          3    None
 Force Lance              Conj/Tloc      #######.     1%          4    None
 Fulminant Prism          Conj/Hex       #######...   1%          4    None
 Leda's Liquefaction      Hex/Erth       ########..   1%          4    None
 Petrify                  Tmut/Erth      ########     1%          4    None
 Sticky Flame             Conj/Fire      #######.     1%          4    None
 Summon Ice Beast         Ice/Summ       #######.     1%          4    None
 Summon Lightning Spire   Summ/Air       #######.     1%          4    None
 Throw Icicle             Conj/Ice       #######.     1%          4    None
 Bolt of Draining         Conj/Necr      #######...   1%          5    None
 Bolt of Magma            Conj/Fire/Erth ########..   1%          5    None
 Fireball                 Conj/Fire      #######...   1%          5    None
 Irradiate                Conj/Tmut      #######...   1%          5    None
 Iskenderun's Battlesphe  Conj/Chrm      #######.     1%          5    None
 Lightning Bolt           Conj/Air       #######...   1%          5    None
 Summon Demon             Summ           ########..   1%          5    None
 Venom Bolt               Conj/Pois      #######...   1%          5    None
 Shadow Creatures         Summ           N/A          1%          6    None
 Ignite Poison            Fire/Tmut/Pois ######..     2%          3    None
 Inner Flame              Hex/Fire       ######..     2%          3    None
 Ozocubu's Armour         Chrm/Ice       ######..     2%          3    None
 Portal Projectile        Hex/Tloc       ######       2%          3    None
 Regeneration             Chrm/Necr      ######....   2%          3    None
 Spectral Weapon          Hex/Chrm       ######..     2%          3    None
 Spider Form              Tmut/Pois      ######....   2%          3    None
 Summon Forest            Summ/Tloc      #######...   2%          5    None
 Summon Mana Viper        Hex/Summ       #######.     2%          5    None
 Bolt of Cold             Conj/Ice       #######...   3%          6    None
 Bolt of Fire             Conj/Fire      #######...   3%          6    None
 Conjure Ball Lightning   Conj/Air       #######...   3%          6    None
 Poison Arrow             Conj/Pois      #######...   3%          6    None
 Ice Form                 Ice/Tmut       ######..     9%          4    None
 Monstrous Menagerie      Summ           ########..   9%          7    #......
 Summon Hydra             Summ           ########..   9%          7    #......
 Cause Fear               Hex            ######....   10%         4    None
 Passage of Golubria      Tloc           N/A          10%         4    None
 Freezing Cloud           Conj/Ice/Air   #######...   12%         6    None
 Blade Hands              Tmut           ######....   19%         5    None
 Alistair's Intoxication  Tmut/Pois      ######..     22%         5    None
 Yara's Violent Unravell  Hex/Tmut       ######....   22%         5    None
 Dispel Undead            Necr           ######..     26%         5    None
 Excruciating Wounds      Chrm/Necr      ######....   26%         5    None
 Metabolic Englaciation   Hex/Ice        ######....   26%         5    None
 Silence                  Hex/Air        ######....   26%         5    None
 Summon Horrible Things   Summ           ########..   56%         8    ####...
 Haunt                    Necr/Summ      #######...   63%         7    #......
 Malign Gateway           Summ/Tloc      #######...   63%         7    #......
 Hydra Form               Tmut           ######....   71%         6    None
 Deflect Missiles         Chrm/Air       ######....   82%         6    None
 Dispersal                Tloc           ######....   82%         6    None
 Simulacrum               Ice/Necr       ######....   82%         6    None
 Chain Lightning          Conj/Air       #######...   83%         8    ####...
 Dragon Form              Tmut           ######....   99%         7    #......
 Ring of Flames           Chrm/Fire      ######....   100%        7    #......
 Borgnjor's Revivificati  Necr           ######....   100%        8    ####...
 Discord                  Hex            ######....   100%        8    ####...
 Ignition                 Fire           ######....   100%        8    ####...
 Infestation              Necr           ######....   100%        8    ####...
 Necromutation            Tmut/Necr      ######....   100%        8    ####...
 Shatter                  Erth           #########.   3%          9    ######.
 Dragon's Call            Summ           ########..   100%        9    ######.
 Fire Storm               Conj/Fire      #######...   100%        9    ######.
 Glaciate                 Conj/Ice       #######...   100%        9    ######.
 Statue Form              Tmut/Erth      Unusable     N/A         6    N/A

Dungeon Overview and Level Annotations

Branches:
Dungeon (15/15)            Temple (1/1) D:5            Lair (6/6) D:8
  Swamp (4/4) Lair:4        Snake (4/4) Lair:3        Slime (0/5) Lair:6
    Orc (2/2) D:11            Elf (3/3) Orc:2        Vaults (3/5) D:13
  Crypt (0/3) Vaults:3     Depths (3/5) D:15

Altars:
Ashenzari
Cheibriados
Dithmenos
Elyvilon
Hepliaklqana
Makhleb
Nemelex Xobeh
Qazlal
Ru
Sif Muna
Trog
Uskayaw
Vehumet
Xom
Yredelemnul
The Shining One
Beogh
Jiyva

Shops:
Orc:1 %   Orc:2 [(?!   Elf:1 ?   Elf:2 *(*!   Elf:3 =[?   Snake:1 =(?(
Snake:3 }   Snake:4 [   Vaults:1 *   Vaults:2 *:   Vaults:3 :[:=   Depths:2 [

Portals:
Hell: Depths:1 Depths:2 Depths:3
Pandemonium: Depths:3
Ziggurat: Depths:1

Annotations:
D:7 Harold


Innate Abilities, Weirdness & Mutations

You are resistant to torment.
Your stone body is resilient. (AC +17)
You are immune to poison.
Your large and strong wings let you fly indefinitely.
You resist negative energy. (rN+)
You are resistant to electric shocks. (rElec)
You can survive without breathing.
You are immune to petrification.
You are immune to rotting.
You have a somewhat thin skeletal structure. (Dex +2, Stealth)
You can translocate small distances at will.
Your flesh is heat resistant. (rF+)
You are frail. (-10% HP)


Message History

The entropy weaver changes into a satyr!
You block the spriggan defender's attack.
The spark wasp completely misses you.
The spriggan defender throws a stone.
The stone misses you.
The stone hits the spark wasp!
The phantasmal warrior hits you!
* * * LOW HITPOINT WARNING * * *
The phantasmal warrior closely misses you.
The vampire knight gestures wildly while chanting.
The vampire knight seems to speed up.
A tentacled monstrosity comes into view.
The spriggan air mage waves its arms in wide circles.
The air twists around and strikes you!
* * * LOW HITPOINT WARNING * * *
The fire giant struggles to escape constriction.
The phantasmal warrior blinks!
The spriggan air mage waves its arms in wide circles.
The air twists around and strikes you!
The spriggan rider hits you but does no damage.
The spriggan defender hits you with an antimagic demon whip!!
You die... + ######## ##yWW...## #W.@.y...# #..ieCi....# #.iTCiic...# #.yiiViyC..#

#.# .#
#...V>ii...#
#..#.
T..#....WDi...#
#....
...#......Q...#
#....
...##.....X§.##
..'###T..#


You could see a tentacled monstrosity, an iron dragon, a titan, a fire giant, a
tengu reaver, 2 vampire knights, 3 spriggan defenders, an ettin, a satyr shaped
shifter, 4 spark wasps, a deep elf elementalist, 3 spriggan riders, a deep
troll, 2 spriggan berserkers, 3 spriggan air magi and 4 phantasmal warriors.

Vanquished Creatures
  Boris (Vaults:2)
  Saint Roka (Orc:2)
  Xtahua (Vaults:3)
  A tentacled monstrosity (Abyss:2)
  3 deep elf blademasters
  Asterion (Elf:2)
  2 deep elf master archers (Elf:3)
  7 sphinxes
  11 nagarajas (Snake:4)
  A storm dragon (Depths:2)
  A tentacled starspawn (Abyss:2)
  Kirke (Snake:2)
  3 daevas (Depths:1)
  Roxanne (Swamp:1)
  3 thorn hunters
  3 fire giants
  4 frost giants
  6 vault wardens
  4 deep elf sorcerers (Elf:3)
  An iron dragon (Depths:2)
  5 deep elf elementalists (Elf:3)
  Louise (Snake:4)
  An orc warlord (D:11)
  5 ironheart preservers
  14 very ugly things
  8 stone giants
  9 deep elf demonologists
  2 entropy weavers
  7 deep elf annihilators (Elf:3)
  A minotaur (Lab)
  Azrael (Snake:1)
  The ghost of Tovical the Impaler, a journeyman TeAK of Lugonu (Elf:1)
  An eidolon (Abyss:2)
  Snorg (D:11)
  3 deep elf death magi
  2 deep elf high priests
  10 ettins
  8 yaktaur captains
  Erolcha (Orc:1)
  11 fire dragons
  4 great orbs of eyes
  6 vault guards
  2 ghost crabs
  Josephine (Orc:2)
  9 ice dragons
  Fannar (D:10)
  13 naga warriors
  4 rakshasas
  11 anacondas
  A spriggan air mage (Depths:3)
  29 hydras
  31 two-headed ogres
  9 ogre magi
  26 dancing weapons
  Erica (D:9)
  2 death knights
  6 centaur warriors
  11 death yaks
  12 alligators
  A thrashing horror (Abyss:2)
  4 deep troll earth magi (Depths:3)
  A tengu warrior (Depths:3)
  A hell hog (Abyss:2)
  4 orc high priests
  5 deep troll shamans (Depths:3)
  9 shock serpents
  17 deep elf knights
  A spriggan berserker (Depths:3)
  A soul eater (Abyss:2)
  8 naga sharpshooters
  A sixfirhy (Abyss:2)
  3 salamander mystics
  A spatial maelstrom (Abyss:2)
  20 skeletal warriors
  3 unseen horrors
  2 starcursed masses (Abyss:2)
  A death drake (shapeshifter) (Depths:2)
  2 glowing orange brains
  8 deep elf archers
  A spriggan druid (Swamp:4)
  A flayed ghost (Vaults:3)
  9 deep trolls (Depths:3)
  9 swamp dragons
  5 naga ritualists
  4 wizards
  3 shambling mangroves
  7 harpies
  5 ironbrand convokers
  12 orc knights
  31 ugly things
  A salamander (shapeshifter) (Vaults:2)
  5 mana vipers
  2 salamanders (Snake:4)
  3 wolf spiders
  6 cyclopes
  53 deep elf magi
  3 orc sorcerers
  4 elephants
  8 manticores
  31 black mambas
  2 stone giant skeletons (Vaults:3)
  5 human skeletons (Vaults:3)
  2 ice statues (IceCv)
  A fire giant skeleton (Vaults:3)
  A frost giant skeleton (Vaults:3)
  2 guardian serpents (shapeshifter)
  22 naga magi
  Psyche (D:12)
  11 vault sentinels
  Joseph (D:7)
  19 guardian serpents
  3 molten gargoyles (Lair:6)
  A gargoyle (D:13)
  A torpor snail (Lair:5)
  An apocalypse crab (Abyss:2)
  Maurice (D:8)
  2 smoke demons (Abyss:2)
  3 large abominations (Abyss:2)
  2 kobold demonologists
  12 spiny frogs
  6 rime drakes
  3 freezing wraiths
  8 komodo dragons
  A yaktaur (shapeshifter) (Vaults:1)
  41 yaktaurs
  A yaktaur skeleton (Vaults:3)
  A tengu conjurer (D:13)
  3 ancient zymes (Abyss:2)
  4 trolls
  3 small abominations
  Grinder (D:6)
  11 tyrant leeches
  13 hornets
  Prince Ribbit (D:6)
  13 blink frogs
  7 bog bodies
  A stone giant simulacrum (Vaults:3)
  48 slime creatures
  8 dream sheep
  5 spriggans
  8 hippogriffs
  A vampire (D:14)
  2 air elementals
  2 redbacks (Lab)
  2 ettin skeletons
  A water elemental (Depths:1)
  3 shadows
  2 wyverns (Lair:6)
  5 wraiths
  6 basilisks
  14 yaks
  2 ynoxinuls (Abyss:2)
  A basilisk (shapeshifter) (Depths:2)
  2 hogs (Snake:2)
  7 fire elementals
  13 vampire mosquitoes
  A chaos spawn (Abyss:2)
  2 steam dragons (Lair:6)
  A warg (shapeshifter) (Depths:3)
  A human simulacrum (Vaults:2)
  8 wargs
  A soldier ant (D:14)
  15 swamp worms
  4 insubstantial wisps (Abyss:2)
  55 nagas
  An acid dragon (Vaults:1)
  5 spatial vortices (Abyss:2)
  10 hell hounds
  6 porcupines
  13 water moccasins
  A floating eye (Depths:3)
  9 swamp drakes
  4 sky beasts
  43 orc warriors
  17 ice beasts
  A necrophage (D:13)
  17 ogres
  17 boggarts
  An eye of draining (shapeshifter) (Vaults:2)
  A phantom (D:9)
  12 wolves
  12 crocodiles
  An elf skeleton (Vaults:3)
  18 centaurs
  Blork the orc (D:6)
  3 big kobolds
  12 bullfrogs
  2 earth elementals
  A gnoll sergeant (D:8)
  A scorpion (D:8)
  10 wights
  5 killer bees (D:10)
  A troll skeleton (Lab)
  2 electric eels
  4 howler monkeys
  10 lava snakes
  A bullfrog zombie (D:10)
  6 crimson imps
  2 yaktaur simulacra
  A human zombie (Abyss:2)
  A quasit (D:10)
  5 centaur skeletons
  2 centaur zombies
  8 jellies
  24 orc priests
  8 hounds
  23 orc wizards
  A bullfrog skeleton (D:4)
  A gnoll shaman (D:7)
  An iron imp (Abyss:2)
  Ijyb (D:3)
  2 iguanas
  9 worker ants
  3 ogre skeletons (Lab)
  A hound skeleton (D:5)
  3 hound zombies
  2 worker ant zombies
  Robin (D:2)
  7 gnolls
  A howler monkey skeleton (D:9)
  12 adders
  5 shadow imps
  A white imp (Abyss:2)
  An ufetubus (Abyss:2)
  2 oozes (D:3)
  An adder zombie (D:6)
  An adder skeleton (D:5)
  4 worms
  A dart slug (D:3)
  2 leopard geckos
  104 orcs
  5 bats
  A giant cockroach (D:1)
  13 goblins
  9 hobgoblins
  3 jackals (D:1)
  9 kobolds
  6 quokkas
  A quokka zombie (D:8)
  9 rats
  A crawling corpse (Elf:3)
  A fire vortex (D:14)
  2 plants (Lab)
  A starspawn tentacle (Abyss:2)
1604 creatures vanquished.

Vanquished Creatures (collateral kills)
  A vault warden (Vaults:2)
  An angel (Abyss:2)
  A yaktaur captain (Vaults:3)
  A fire dragon (Elf:2)
  3 hydras (Swamp:4)
  2 naga warriors
  A dancing weapon (Elf:2)
  2 death yaks
  A shock serpent (Snake:2)
  5 deep elf knights
  An iron troll (Depths:3)
  A salamander mystic (Snake:2)
  A swamp dragon (Swamp:4)
  2 deep elf archers
  An orc knight (Vaults:1)
  2 lindwurms
  2 harpies (Vaults:3)
  2 orc sorcerers
  An oklob plant (Lair:4)
  2 deep elf magi
  2 vault sentinels
  2 black mambas
  2 naga magi (Snake:1)
  2 spiny frogs
  3 yaktaurs (Vaults:3)
  A tyrant leech (Swamp:1)
  2 trolls (Orc:2)
  7 blink frogs
  A dream sheep (Lair:6)
  A water elemental (Elf:1)
  3 yaks (Lair:6)
  2 tarantellas (Vaults:3)
  A basilisk (Lair:6)
  3 nagas (Snake:1)
  A swamp worm (Swamp:4)
  A warg (Orc:2)
  A hell hound (Lair:6)
  A swamp drake (Swamp:4)
  6 orc warriors
  An ogre (Vaults:1)
  A crocodile (Lair:6)
  A big kobold (D:11)
  2 bullfrogs
  A killer bee (D:10)
  A quasit (Abyss:2)
  4 orc priests
  6 orc wizards (Orc:2)
  An adder (D:10)
  An adder zombie (D:6)
  22 orcs
  A lurking horror (Abyss:2)
117 creatures vanquished.

Vanquished Creatures (others)
  A rime drake (Swamp:4)
  4 humans (Snake:2)
  2 orcs
  25 fungi
  9 plants
  3 starspawn tentacles (Abyss:2)
44 creatures vanquished.

Grand Total: 1765 creatures vanquished

Notes
Turn   | Place    | Note
-------+----------+-------------------------------------------
     0 | D:1      | JeffiDaFish the Gargoyle Earth Elementalist began the quest
                  | for the Orb.
     0 | D:1      | Reached XP level 1. HP: 10/10 MP: 3/3
   173 | D:1      | Reached skill level 4 in Earth Magic
   173 | D:1      | Reached XP level 2. HP: 15/15 MP: 0/5
   683 | D:1      | Reached XP level 3. HP: 19/19 MP: 6/6
   690 | D:1      | Learned a level 3 spell: Stone Arrow
  1226 | D:2      | Noticed Robin
  1251 | D:2      | Reached XP level 4. HP: 21/24 MP: 1/7
  1290 | D:2      | Killed Robin
  1747 | D:2      | Found a faded altar of an unknown god.
  1786 | D:3      | Reached skill level 1 in Conjurations
  1786 | D:3      | Reached skill level 5 in Earth Magic
  1901 | D:3      | Found a radiant altar of Vehumet.
  1924 | D:3      | Noticed Ijyb
  1948 | D:3      | Killed Ijyb
  1948 | D:3      | Reached XP level 5. HP: 24/28 MP: 0/9
  2073 | D:3      | Learned a level 5 spell: Lee's Rapid Deconstruction
  2668 | D:3      | Found a sparkling altar of Nemelex Xobeh.
  3332 | D:4      | Noticed an ogre
  3336 | D:4      | Killed an ogre
  3336 | D:4      | Reached XP level 6. HP: 32/32 MP: 2/11
  3391 | D:4      | Reached skill level 6 in Earth Magic
  3758 | D:4      | Reached skill level 5 in Conjurations
  3758 | D:4      | Reached XP level 7. HP: 48/48 MP: 11/17
  3823 | D:5      | Entered Level 5 of the Dungeon
  3860 | D:5      | Found a shadowy altar of Dithmenos.
  4273 | D:5      | Found a staircase to the Ecumenical Temple.
  4279 | Temple   | Entered the Ecumenical Temple
  4372 | Temple   | Became a worshipper of Sif Muna the Loreminder
  4581 | D:5      | Reached XP level 8. HP: 53/53 MP: 10/18
  4874 | D:6      | Found a stormy altar of Qazlal.
  4950 | D:6      | Noticed Grinder
  4961 | D:6      | Killed Grinder
  5333 | D:6      | Noticed Blork the orc
  5338 | D:6      | Killed Blork the orc
  5354 | D:6      | Noticed Prince Ribbit
  5359 | D:6      | Killed Prince Ribbit
  5451 | D:6      | Found a basalt altar of Yredelemnul.
  5625 | D:6      | Reached skill level 7 in Earth Magic
  5625 | D:6      | Reached XP level 9. HP: 57/57 MP: 13/20
  5755 | D:7      | Reached * piety under Sif Muna
  5964 | D:7      | Noticed Harold
  6270 | D:7      | Noticed Joseph
  6280 | D:7      | Killed Joseph
  6544 | D:7      | Found a snail-covered altar of Cheibriados.
  6759 | D:8      | Found a hide-covered altar of Uskayaw.
  6796 | D:8      | Noticed a troll
  6815 | D:8      | Killed a troll
  6815 | D:8      | Reached skill level 8 in Earth Magic
  6935 | D:8      | Upgraded the game from 0.22.0-38-g04b72b8 to
                  | 0.22.0-49-gab54619
  7069 | D:8      | Reached ** piety under Sif Muna
  7140 | D:8      | Learned a level 4 spell: Summon Ice Beast
  7279 | D:8      | Found a staircase to the Lair.
  7294 | D:8      | Noticed an elephant
  7301 | D:8      | Reached XP level 10. HP: 63/63 MP: 0/22
  7304 | D:8      | Found a bloodstained altar of Trog.
  7307 | D:8      | Found a shattered altar of Ashenzari.
  7319 | D:8      | Killed an elephant
  7319 | D:8      | Reached skill level 1 in Summonings
  7575 | D:8      | Noticed Maurice
  7583 | D:8      | Killed Maurice
  7583 | D:8      | Reached skill level 9 in Earth Magic
  8166 | D:8      | Noticed a two-headed ogre
  8170 | D:8      | Killed a two-headed ogre
  8170 | D:8      | Reached *** piety under Sif Muna
  8975 | D:9      | Noticed Erica
  8978 | D:9      | Killed Erica
  9011 | D:9      | Reached XP level 11. HP: 51/67 MP: 19/24
  9076 | D:9      | Found a sparkling altar of Nemelex Xobeh.
  9216 | D:10     | Entered Level 10 of the Dungeon
  9226 | D:10     | Noticed Fannar
  9255 | D:10     | Killed Fannar
  9255 | D:10     | Reached skill level 10 in Earth Magic
  9539 | D:10     | Noticed a two-headed ogre
  9551 | D:10     | Killed a two-headed ogre
  9551 | D:10     | Reached **** piety under Sif Muna
  9880 | D:10     | Got an ancient garnet amulet
 10246 | Lair:1   | Entered Level 1 of the Lair of Beasts
 10613 | Lair:1   | Reached skill level 10 in Spellcasting
 11167 | Lair:1   | Reached skill level 11 in Earth Magic
 11930 | Lair:2   | Reached ***** piety under Sif Muna
 11934 | Lair:2   | Reached XP level 12. HP: 72/72 MP: 8/26
 12268 | Lair:2   | Identified the amulet "Qeeraic" {Inacc rF+ MR+ Str+4 SInv}
                  | (You found it on level 10 of the Dungeon)
 12492 | Lair:2   | Found a shattered altar of Ashenzari.
 12498 | Lair:2   | Noticed a four-headed hydra
 12508 | Lair:2   | Killed a four-headed hydra
 13093 | Lair:3   | Reached skill level 12 in Earth Magic
 13109 | Lair:3   | Identified Qattygaw's Papyrus of Calling and the Frostbite
                  | (Sif Muna gifted it to you on level 3 of the Lair of
                  | Beasts)
 13109 | Lair:3   | Received a gift from Sif Muna
 13154 | Lair:3   | Noticed a death yak
 13155 | Lair:3   | Noticed a death yak
 13155 | Lair:3   | Noticed a death yak
 13277 | Lair:3   | Noticed a death yak
 13277 | Lair:3   | Noticed a death yak
 13287 | Lair:2   | Killed a death yak
 13287 | Lair:2   | Reached skill level 5 in Summonings
 13287 | Lair:2   | Killed a death yak
 13512 | Lair:3   | Noticed a death yak
 13518 | Lair:2   | Killed a death yak
 13785 | Lair:3   | Gained mutation: You have a somewhat thin skeletal
                  | structure. (Dex +2, Stealth) [potion of mutation]
 13785 | Lair:3   | Gained mutation: Your flesh is heat resistant. (rF+)
                  | [potion of mutation]
 13785 | Lair:3   | Gained mutation: You are frail. (-10% HP) [potion of
                  | mutation]
 13785 | Lair:3   | Gained mutation: You can translocate small distances at
                  | will. [potion of mutation]
 13869 | Lair:3   | Killed a death yak
 13869 | Lair:3   | Reached skill level 10 in Conjurations
 13871 | Lair:3   | Killed a death yak
 13886 | Lair:3   | Killed a death yak
 13908 | Lair:3   | Learned a level 4 spell: Summon Lightning Spire
 14053 | Lair:3   | Found a staircase to the Snake Pit.
 14223 | Lair:4   | Noticed a six-headed hydra
 14231 | Lair:4   | Killed a six-headed hydra
 14231 | Lair:4   | Reached XP level 13. HP: 68/68 MP: 15/28
 14656 | Lair:4   | Reached skill level 13 in Earth Magic
 15122 | Lair:4   | Found a staircase to the Swamp.
 15778 | Lair:5   | Identified Sif Muna's Papyrus of Transformation (Sif Muna
                  | gifted it to you on level 5 of the Lair of Beasts)
 15778 | Lair:5   | Received a gift from Sif Muna
 15821 | Lair:4   | Upgraded the game from 0.22.0-49-gab54619 to
                  | 0.22.0-60-ga52c2fc
 16497 | Lair:6   | Entered Level 6 of the Lair of Beasts
 16536 | Lair:6   | Found a viscous altar of Jiyva.
 16542 | Lair:6   | Found a staircase to the Slime Pits.
 16887 | Lair:6   | Reached skill level 14 in Earth Magic
 18067 | Lair:6   | Noticed a fire dragon
 18398 | Lair:6   | Identified Sif Muna's Catalogue of Articulation (Sif Muna
                  | gifted it to you on level 6 of the Lair of Beasts)
 18398 | Lair:6   | Received a gift from Sif Muna
 18562 | Lair:6   | Gained mutation: Your large and strong wings let you fly
                  | indefinitely. [Gargoyle growth]
 18562 | Lair:6   | Reached XP level 14. HP: 50/73 MP: 22/30
 19545 | Lair:6   | Found a large runed door.
 19546 | Lair:6   | Found a large runed door.
 19588 | Lair:6   | Reached skill level 15 in Earth Magic
 19991 | D:11     | Found a frozen archway.
 19996 | D:11     | Noticed Snorg
 20006 | D:11     | Killed Snorg
 20127 | IceCv    | Entered an ice cave
 20819 | IceCv    | Got a clouded emerald amulet
 20825 | IceCv    | Got a wavering bone ring
 20958 | IceCv    | Identified Sif Muna's Collected Works on Confrontation (Sif
                  | Muna gifted it to you in an ice cave)
 20958 | IceCv    | Received a gift from Sif Muna
 20967 | IceCv    | Learned a level 6 spell: Iron Shot
 21019 | D:11     | Identified the amulet of Huikhlin {*Contam rElec Regen+
                  | Dex+2} (You found it in an ice cave)
 21020 | D:11     | Identified the ring of the Two Names {Int+5 Dex+3} (You
                  | found it in an ice cave)
 21199 | D:11     | Found a staircase to the Orcish Mines.
 21895 | D:12     | Got an ancient jade ring
 21896 | D:12     | Identified the ring "Kaqekk" {rN+ Str+3 Int+6 Dex-5} (You
                  | found it on level 12 of the Dungeon)
 22117 | D:12     | Found a stormy altar of Qazlal.
 22693 | D:12     | Noticed Psyche
 22700 | D:12     | Killed Psyche
 22965 | D:13     | Reached ****** piety under Sif Muna
 23230 | D:13     | Reached skill level 16 in Earth Magic
 23315 | D:13     | Found a gate to the Vaults.
 23547 | D:13     | Reached skill level 1 in Shields
 23547 | D:13     | Reached XP level 15. HP: 73/77 MP: 3/32
 24813 | D:14     | Received a gift from Sif Muna
 24851 | D:14     | Learned a level 5 spell: Summon Demon
 25134 | D:14     | Found the +10 zealot's sword {holy, *Rage rN+ EV+3}
 25670 | D:15     | Entered Level 15 of the Dungeon
 25820 | D:15     | Found a snail-covered altar of Cheibriados.
 25966 | D:15     | Found a staircase to the Depths.
 26033 | D:15     | Reached skill level 17 in Earth Magic
 26697 | Orc:1    | Entered Level 1 of the Orcish Mines
 26697 | Orc:1    | Noticed an orc warlord
 26761 | D:11     | Killed an orc warlord
 27401 | Orc:1    | Found Waxer's Food Boutique.
 27498 | Orc:1    | Found a roughly hewn altar of Beogh.
 27547 | Orc:2    | Entered Level 2 of the Orcish Mines
 27547 | Orc:2    | Found a roughly hewn altar of Beogh.
 27565 | Orc:2    | Received a gift from Sif Muna
 27568 | Orc:2    | Reached XP level 16. HP: 38/82 MP: 4/34
 27629 | Orc:2    | Learned a level 5 spell: Aura of Abjuration
 27637 | Orc:2    | Learned a level 7 spell: Orb of Destruction
 27778 | Orc:2    | Found a roughly hewn altar of Beogh.
 27785 | Orc:2    | Found Uduassat's Magic Scroll Shop.
 27818 | Orc:2    | Bought 3 scrolls of magic mapping for 136 gold pieces
 27878 | Orc:2    | Found a staircase to the Elven Halls.
 27901 | Orc:2    | Found a labyrinth entrance.
 27913 | Lab      | Entered a labyrinth
 28632 | Lab      | Got a brightly glowing great mace {speed}
 28635 | Lab      | Got a scorched wooden ring
 28818 | Orc:2    | Identified the ring "Vungoud" {rC+ Str-3 Dex+3 Slay+6 SInv}
                  | (You found it in a labyrinth)
 28922 | Orc:2    | Found a roughly hewn altar of Beogh.
 29017 | Orc:2    | Found a roughly hewn altar of Beogh.
 29026 | Orc:2    | Found Zoaptofuwe's Distillery.
 29056 | Orc:2    | Bought a potion of curing for 54 gold pieces
 29056 | Orc:2    | Bought a potion of curing for 54 gold pieces
 29056 | Orc:2    | Bought a potion of curing for 54 gold pieces
 29056 | Orc:2    | Bought a potion of curing for 54 gold pieces
 29056 | Orc:2    | Bought a potion of curing for 54 gold pieces
 29056 | Orc:2    | Bought a potion of resistance for 180 gold pieces
 29114 | Orc:2    | Found a roughly hewn altar of Beogh.
 29168 | Orc:2    | Noticed Josephine
 29179 | Orc:2    | Killed Josephine
 29387 | Orc:2    | Found a roughly hewn altar of Beogh.
 29545 | Orc:2    | Noticed Saint Roka
 29552 | Orc:2    | Killed Saint Roka
 29552 | Orc:2    | Reached skill level 15 in Spellcasting
 29631 | Orc:2    | Found Noess's Antique Weapon Shoppe.
 29632 | Orc:2    | Found a roughly hewn altar of Beogh.
 29635 | Orc:2    | Found Fuim's Antique Armour Emporium.
 29657 | Orc:2    | Bought an embroidered cloak for 187 gold pieces
 29726 | Orc:2    | Found a roughly hewn altar of Beogh.
 29882 | Orc:1    | Noticed Erolcha
 29914 | Orc:1    | Killed Erolcha
 30382 | Swamp:1  | Entered Level 1 of the Swamp
 30389 | Swamp:1  | Reached skill level 18 in Earth Magic
 30399 | Swamp:1  | Got a heavily runed steel ring
 30400 | Swamp:1  | Identified the ring of Huizanoc {rC+ Str+3 Dex+3 SInv} (You
                  | found it on level 1 of the Swamp)
 30525 | Swamp:1  | Identified Uceadd's Handbook of Clay and the Escort (Sif
                  | Muna gifted it to you on level 1 of the Swamp)
 30525 | Swamp:1  | Received a gift from Sif Muna
 30591 | Swamp:1  | Learned a level 5 spell: Borgnjor's Vile Clutch
 30711 | Swamp:1  | Noticed Roxanne
 30714 | Swamp:1  | Killed Roxanne
 32459 | Swamp:3  | Noticed a thorn hunter
 32462 | Swamp:3  | Killed a thorn hunter
 32855 | Swamp:3  | Identified Sif Muna's Tome of Companions (Sif Muna gifted
                  | it to you on level 3 of the Swamp)
 32855 | Swamp:3  | Received a gift from Sif Muna
 32855 | Swamp:3  | Reached XP level 17. HP: 86/86 MP: 1/36
 32867 | Swamp:3  | Learned a level 7 spell: Summon Greater Demon
 33290 | Swamp:4  | Entered Level 4 of the Swamp
 33742 | Swamp:4  | Reached skill level 19 in Earth Magic
 34190 | Swamp:4  | Got a decaying rune of Zot
 34713 | Snake:1  | Entered Level 1 of the Snake Pit
 34920 | Snake:1  | Found Tysoefoz's Weapon Boutique.
 34920 | Snake:1  | Found Kozxeedgh's Jewellery Shop.
 34921 | Snake:1  | Found Betafopp's Magic Scroll Boutique.
 34924 | Snake:1  | Found Hogeror's Antique Weapon Shop.
 34953 | Snake:1  | Bought an uncursed ring of wizardry for 300 gold pieces
 34962 | Snake:1  | Noticed Azrael
 34970 | Snake:1  | Killed Azrael
 34970 | Snake:1  | Identified Xogg's Papyrus of Spatial Hexes (Sif Muna gifted
                  | it to you on level 1 of the Snake Pit)
 34970 | Snake:1  | Received a gift from Sif Muna
 35476 | Snake:1  | Found Joocw's Food Emporium.
 36048 | Snake:2  | Noticed Kirke
 36051 | Snake:2  | Killed Kirke
 36777 | Snake:2  | Reached XP level 18. HP: 93/93 MP: 7/38
 37188 | Snake:3  | Got a transparent steel ring
 37189 | Snake:3  | Identified the ring "Gioh" {Fire Dex+6} (You found it on
                  | level 3 of the Snake Pit)
 37194 | Snake:3  | Found Gumaem's Gadget Shoppe.
 37400 | Snake:3  | Identified Ytzeo's Papyrus of the Hurtful Mountains (Sif
                  | Muna gifted it to you on level 3 of the Snake Pit)
 37400 | Snake:3  | Received a gift from Sif Muna
 38055 | Snake:4  | Entered Level 4 of the Snake Pit
 38130 | Snake:4  | Noticed Louise
 38136 | Snake:4  | Killed Louise
 38275 | Snake:4  | Reached skill level 20 in Earth Magic
 39363 | Snake:4  | Found Quh Jocs's Antique Armour Shoppe.
 39802 | Snake:4  | Reached skill level 15 in Conjurations
 39810 | Snake:4  | Identified Sif Muna's Grimoire of Dark Secrets (Sif Muna
                  | gifted it to you on level 4 of the Snake Pit)
 39810 | Snake:4  | Received a gift from Sif Muna
 40433 | Snake:4  | Reached XP level 19. HP: 100/100 MP: 22/40
 40607 | Snake:4  | Got a serpentine rune of Zot
 40742 | Snake:4  | Reached skill level 10 in Fighting
 41152 | Elf:1    | Entered Level 1 of the Elven Halls
 41454 | Elf:1    | Identified Puusok's Collected Works on the Poisonous
                  | Volcanoes (Sif Muna gifted it to you on level 1 of the
                  | Elven Halls)
 41454 | Elf:1    | Received a gift from Sif Muna
 41816 | Elf:1    | Reached skill level 21 in Earth Magic
 42485 | Elf:1    | Identified the Disquisition on Supportive Combat Magic
 42566 | Elf:1    | Found Huerphal's Magic Scroll Shoppe.
 42573 | Elf:1    | Bought a scroll of teleportation for 39 gold pieces
 42573 | Elf:1    | Bought a scroll of blinking for 97 gold pieces
 42573 | Elf:1    | Bought a scroll of teleportation for 39 gold pieces
 42573 | Elf:1    | Bought a scroll of enchant armour for 97 gold pieces
 42573 | Elf:1    | Bought a scroll of fog for 26 gold pieces
 42593 | Elf:1    | Found a runed door.
 42594 | Elf:1    | Found a shimmering altar of Xom.
 42594 | Elf:1    | Noticed Tovical's ghost (journeyman TeAK)
 42609 | Elf:1    | Killed Tovical's ghost
 42619 | Elf:1    | Identified Sif Muna's Guide on Spatial Envenoming
 42788 | Elf:2    | Found Nyosaij's Assorted Antiques.
 42788 | Elf:2    | Found Huomeos's Assorted Antiques.
 42837 | Elf:2    | Bought a potion of curing for 108 gold pieces
 42837 | Elf:2    | Bought a pair of shimmering boots for 342 gold pieces
 42837 | Elf:2    | Bought a scroll labeled LINNAU BEOMMIT for 36 gold pieces
 42837 | Elf:2    | Bought a potion of curing for 108 gold pieces
 42847 | Elf:2    | Identified the cursed +0 pair of boots "Quhitz" {-Cast rF++
                  | rC+} (You bought it in a shop on level 2 of the Elven
                  | Halls)
 43389 | Elf:2    | Bought a scroll of enchant armour for 180 gold pieces
 43389 | Elf:2    | Bought a scroll of enchant armour for 180 gold pieces
 43395 | Elf:2    | Reached skill level 10 in Summonings
 43412 | Elf:2    | Found Worouw's Antique Weapon Boutique.
 43454 | Elf:2    | Identified Sif Muna's Tome of Congealing Confrontation (Sif
                  | Muna gifted it to you on level 2 of the Elven Halls)
 43454 | Elf:2    | Received a gift from Sif Muna
 43496 | Elf:2    | Found a runed gate.
 43496 | Elf:2    | Found a runed gate.
 43496 | Elf:2    | Found a runed gate.
 43620 | Elf:2    | Found Nuumioju's Distillery.
 43799 | Elf:2    | Bought a potion of brilliance for 84 gold pieces
 43799 | Elf:2    | Bought a potion of haste for 210 gold pieces
 43799 | Elf:2    | Bought a potion of haste for 210 gold pieces
 43799 | Elf:2    | Bought 2 potions of heal wounds for 210 gold pieces
 43925 | Elf:2    | Reached XP level 20. HP: 107/107 MP: 20/41
 44245 | Elf:2    | Noticed Asterion
 44255 | Elf:2    | Killed Asterion
 44705 | Elf:3    | Entered Level 3 of the Elven Halls
 44801 | Elf:3    | Found Kobigrop's Jewellery Shop.
 44880 | Elf:3    | Found Logafoph's Armour Shop.
 45162 | Elf:3    | Found Vonuamm's Magic Scroll Shop.
 45172 | Elf:3    | Bought a scroll of teleportation for 33 gold pieces
 45410 | Elf:3    | Identified Sif Muna's Collected Works on Excruciating
                  | Stones (Sif Muna gifted it to you on level 3 of the Elven
                  | Halls)
 45410 | Elf:3    | Received a gift from Sif Muna
 45428 | Elf:3    | Reached skill level 22 in Earth Magic
 45858 | Elf:3    | Cast into level 2 of the Abyss (a deep elf sorcerer)
 46313 | Abyss:2  | Reached skill level 1 in Invocations
 46560 | Elf:3    | Escaped the Abyss
 46781 | Elf:3    | Reached XP level 21. HP: 113/113 MP: 0/43
 47020 | Elf:3    | Got a transparent ivory ring
 47146 | Elf:3    | Identified the Catalogue of Mutagenic Poisoning
 47180 | Elf:3    | Identified the ring "Meupiseg" {rElec MP+9 SInv} (You took
                  | it off a deep elf demonologist on level 3 of the Elven
                  | Halls)
 47446 | Depths:1 | Entered Level 1 of the Depths
 47811 | Depths:1 | Identified Sif Muna's Incunabulum of Battle Magic (Sif Muna
                  | gifted it to you on level 1 of the Depths)
 47811 | Depths:1 | Received a gift from Sif Muna
 48332 | Depths:1 | Found a gateway to Hell.
 48343 | Depths:1 | Found a gateway to a ziggurat.
 49049 | Depths:2 | Reached skill level 5 in Invocations
 49198 | Depths:2 | Identified Sif Muna's Collected Works on Damaging Darkness
                  | (Sif Muna gifted it to you on level 2 of the Depths)
 49198 | Depths:2 | Received a gift from Sif Muna
 49212 | Depths:2 | Learned a level 8 spell: Lehudib's Crystal Spear
 49392 | Depths:2 | Found Pegyhealo's Armour Boutique.
 49454 | Depths:2 | Reached skill level 23 in Earth Magic
 50445 | Vaults:1 | Entered Level 1 of the Vaults
 50481 | Vaults:1 | Found Cethofuj's Assorted Antiques.
 50489 | Vaults:1 | Bought a scroll of identify for 62 gold pieces
 50489 | Vaults:1 | Bought a scroll of identify for 62 gold pieces
 50489 | Vaults:1 | Bought a scroll of fog for 62 gold pieces
 51386 | Vaults:1 | Reached XP level 22. HP: 97/119 MP: 28/45
 51889 | Vaults:1 | Identified Sif Muna's Grimoire of Cold and the Arsonist
                  | (Sif Muna gifted it to you on level 1 of the Vaults)
 51889 | Vaults:1 | Received a gift from Sif Muna
 52768 | Vaults:1 | Upgraded the game from 0.22.0-60-ga52c2fc to
                  | 0.22.0-75-g3901e79
 52858 | Vaults:2 | Noticed Boris
 52864 | Vaults:2 | Killed Boris
 53546 | Vaults:2 | Identified Saesyirr's Guide on Supportive Stolen Souls (Sif
                  | Muna gifted it to you on level 2 of the Vaults)
 53546 | Vaults:2 | Received a gift from Sif Muna
 53558 | Vaults:2 | Learned a level 7 spell: Spellforged Servitor
 54082 | Vaults:2 | Reached skill level 24 in Earth Magic
 54283 | Vaults:2 | Found Jyosk's Assorted Antiques.
 54847 | Vaults:2 | Got a wavering silver ring
 54856 | Vaults:2 | Identified a scroll of acquirement
 54871 | Vaults:2 | Identified the ring "Ucaffixi" {rN+ Int+4} (You took it off
                  | a skeletal warrior on level 2 of the Vaults)
 55086 | Vaults:2 | Found Gakouro's Book Emporium.
 55223 | Vaults:3 | Found Gyzeyfue's Book Shop.
 55236 | Vaults:3 | Received a gift from Sif Muna
 55240 | Vaults:3 | Found Yzaposh's Antique Armour Boutique.
 55448 | Vaults:3 | Found Obumumih's Book Boutique.
 55552 | Vaults:3 | Reached XP level 23. HP: 126/126 MP: 31/46
 55976 | Vaults:3 | Found Doinwu's Jewellery Boutique.
 56028 | Vaults:3 | Noticed Xtahua
 56038 | Vaults:3 | Killed Xtahua
 56543 | Vaults:3 | Found a staircase to the Crypt.
 57682 | Depths:3 | Found a one-way gate leading to the halls of Pandemonium.
 57825 | Depths:3 | Paralysed by a sphinx for 5 turns
 57941 | Depths:3 | Received a gift from Sif Muna
 57952 | Depths:3 | Paralysed by a sphinx for 4 turns
 57960 | Depths:3 | Reached skill level 25 in Earth Magic
 57966 | Depths:3 | Mangled by a spriggan defender

Skill      XL: |  1  2  3  4  5  6  7  8  9 10 11 12 13 14 15 16 17 18 19 20 21 22 23 |
---------------+----------------------------------------------------------------------+-----
Earth Magic    | 4 5 6 7 8 9 11 12 14 16 17 18 19 20 21 22 23 24 25 | 25.0
Dodging        | 2 6 |  6.3
Conjurations   | 1 2 5 6 7 8 10 11 12 13 14 15 16 17 18 | 18.2
Spellcasting   | 3 7 8 9 10 11 12 13 14 15 16 17 18 19 20 | 20.1
Fighting       | 7 8 9 10 11 12 13 | 13.0
Summonings     | 2 4 5 7 8 9 10 11 | 11.0
Shields        | 1 4 |  4.8
Invocations    | 2 5 7 |  7.0
Stealth        | |  2.6
Transmutations | |  0.7

Action                   |  1- 3 |  4- 6 |  7- 9 | 10-12 | 13-15 | 16-18 | 19-21 | 22-24 || total
-------------------------+-------+-------+-------+-------+-------+-------+-------+-------++-------
Melee: Unarmed           |     5 |       |       |       |       |       |       |       ||     5
       Dagger            |    36 |    64 |       |       |       |       |       |       ||   100
       Flail             |       |     6 |   122 |   132 |       |       |       |       ||   260
       Staff             |       |       |       |     7 |    64 |    78 |    46 |    64 ||   259
Throw: Stone             |       |       |       |       |     1 |     4 |     2 |     1 ||     8
 Cast: Sandblast         |    27 |    31 |    52 |   117 |    98 |    18 |     8 |     4 ||   355
       Stone Arrow       |     1 |    22 |    49 |    91 |   179 |    85 |    34 |    10 ||   471
       Lee's Rapid Decon |       |       |    11 |    50 |   181 |    75 |   183 |   121 ||   621
       Summon Ice Beast  |       |       |       |     3 |       |     2 |       |       ||     5
       Summon Lightning  |       |       |       |     1 |    28 |       |       |       ||    29
       Iron Shot         |       |       |       |       |    84 |   348 |   189 |   147 ||   768
       Summon Demon      |       |       |       |       |     6 |    18 |     2 |       ||    26
       Aura of Abjuratio |       |       |       |       |       |     3 |     8 |    12 ||    23
       Borgnjor's Vile C |       |       |       |       |       |    67 |    81 |    44 ||   192
       Summon Greater De |       |       |       |       |       |     4 |     7 |    11 ||    22
       Spellforged Servi |       |       |       |       |       |       |       |     3 ||     3
       Lehudib's Crystal |       |       |       |       |       |       |       |     3 ||     3
       Orb of Destructio |       |       |       |       |       |       |       |     1 ||     1
Invok: Divine Energy     |       |       |     1 |       |       |       |       |       ||     1
       Forget Spell      |       |       |       |       |     1 |     1 |       |       ||     2
       Channel Magic     |       |       |       |       |       |       |     2 |     1 ||     3
 Abil: Blink             |       |       |       |       |     2 |     1 |       |     1 ||     4
       Fly               |       |       |       |       |       |     1 |       |       ||     1
       Stop Flying       |       |       |       |       |       |       |       |     1 ||     1
Evoke: Wand              |       |       |     1 |     3 |    10 |     5 |     1 |       ||    20
  Use: Scroll            |     5 |     4 |     8 |     8 |    14 |     8 |     9 |     7 ||    63
       Potion            |     2 |     1 |     5 |     6 |     2 |     7 |     3 |     2 ||    28
 Stab: Sleeping          |     1 |     3 |     1 |     1 |     1 |     2 |       |       ||     9
       Distracted        |       |       |       |       |       |       |       |     1 ||     1
  Eat: Chunk             |     1 |    11 |    10 |    23 |    47 |    49 |    23 |    18 ||   182
       Ration            |       |       |     1 |     3 |     6 |     9 |     5 |     1 ||    25
Armor: Robe              |    20 |    28 |    70 |   180 |   141 |   161 |    88 |    90 ||   778
Dodge: Dodged            |    32 |    52 |   144 |   247 |   220 |   265 |   153 |   115 ||  1228
Block: Buckler           |       |       |       |       |    10 |   147 |   107 |    84 ||   348
